 Dungeon Crawl Stone Soup version 0.21.1-1-g345015f (webtiles) character file.

168 letownia2 the Conjurer (level 5, -4/35 HPs)
             Began as a Merfolk Wizard on Feb 13, 2018.
             Killed by triggering an arrow trap (14 damage)
             ... in an ossuary.
             The game lasted 00:05:17 (887 turns).

letownia2 the Conjurer (Merfolk Wizard)              Turns: 887, Time: 00:05:17

Health: -4/35      AC:  3    Str:  8    XL:     5   Next: 49%
Magic:  9/9        EV: 13    Int: 18    God:
Gold:   66         SH:  0    Dex: 12    Spells: 1/10 levels left

rFire    . . .     SeeInvis .   q - +0 dagger (venom)
rCold    . . .     Gourm    .   (no shield)
rNeg     . . .     Faith    .   a - +0 robe
rPois    .         Spirit   .   s - +0 helmet
rElec    .         Reflect  .   (no cloak)
rCorr    .         Harm     .   (no gloves)
MR       .....                  (no boots)
Stlth    ++........             (no amulet)
HPRegen  0.11/turn              (no ring)
MPRegen  0.11/turn              (no ring)

@: no status effects
A: change form in water, swift swim, stealthy swim
a: no special abilities


You were in an ossuary.
You were not hungry.

You visited 1 branch of the dungeon, and saw 4 of its levels.
You also visited: Ossuary.

You collected 66 gold pieces.

Inventory:

Hand Weapons
 g - a +0 dagger
 n - a +0 hunting sling
 q - a +0 dagger of venom (weapon)
Missiles
 p - 4 poisoned tomahawks (quivered)
Armour
 a - a +0 robe (worn)
 b - a +0 hat
 l - a +0 buckler
 s - a +0 helmet (worn)
Scrolls
 i - a scroll of noise {unknown}
 j - a scroll of remove curse {unknown}
 m - a scroll of magic mapping {unknown}
 r - 2 scrolls of identify {unknown}
Potions
 e - a potion of berserk rage {unknown}
 f - 3 potions of curing {unknown}
 h - 2 potions of invisibility {unknown}
 o - 2 potions of brilliance {unknown}
Books
 c - a book of Minor Magic

   Spells                             Type                      Level
   a - Magic Dart                     Conjuration                  1
   b - Blink                          Translocation                2
   c - Call Imp                       Summoning                    2
   d - Slow                           Hexes                        2
   e - Conjure Flame                  Conjuration/Fire             3
   f - Mephitic Cloud                 Conjuration/Poison/Air       3
Comestibles
 d - a ration
 k - 6 chunks of flesh


   Skills:
 - Level 2.6 Dodging
 - Level 2.1 Stealth
 - Level 3.0 Spellcasting
 + Level 3.1 Conjurations
   Level 1.0 Summonings
 + Level 0.9 Translocations
 + Level 0.1 Fire Magic
 + Level 1.6 Air Magic
 + Level 2.2 Poison Magic


You had one spell level left.
You knew the following spells:

 Your Spells              Type           Power        Failure   Level  Hunger
a - Magic Dart            Conj           ##..         4%          1    None
b - Blink                 Tloc           N/A          17%         2    ##.....
c - Conjure Flame         Conj/Fire      #.......     24%         3    ###....
e - Mephitic Cloud        Conj/Pois/Air  ##......     19%         3    ###....


Dungeon Overview and Level Annotations

Branches:
Dungeon (4/15)
 Temple: D:4-7

Altars:


Message History

Unknown command.
Unknown command.
Unknown command.
A giant cockroach comes into view.
You are feeling hungry.
Found 18 arrows.
Found a stone staircase leading up.
Found a sand-covered staircase.
There is an open door here.
There is a sand-covered staircase here.
Eat one of 7 chunks of flesh? (ye/n/q)
You eat one of the 7 chunks of flesh.
This raw flesh tastes terrible.
The world spins around you as you enter the gateway.
You enter an ossuary!
You found an arrow trap!
Found a gate leading back out of this place.
There is an empty arch of ancient stone here.
Unknown command.
There is a gate leading back out of this place here.
An arrow shoots out and hits you!
You die...

..#
#..#
#..#
#..#
#..#
#..##
#..##
#@^##
##..##
##∩∩#
####


There were no monsters in sight!

Vanquished Creatures
  An ogre (D:4)
  A worker ant (D:4)
  Robin (D:4)
  2 adders
  An ooze (D:1)
  A worm (D:4)
  2 leopard geckos
  2 giant cockroaches
  11 goblins
  2 hobgoblins
  3 kobolds
  2 quokkas (D:4)
  2 bats (D:2)
  3 frilled lizards
  2 rats
36 creatures vanquished.

Notes
Turn   | Place    | Note
-------+----------+-------------------------------------------
     0 | D:1      | letownia2 the Merfolk Wizard began the quest for the Orb.
     0 | D:1      | Reached XP level 1. HP: 13/13 MP: 4/4
   110 | D:2      | Reached skill level 1 in Conjurations
   110 | D:2      | Reached XP level 2. HP: 19/19 MP: 0/6
   297 | D:2      | Reached XP level 3. HP: 15/24 MP: 0/7
   409 | D:2      | Learned a level 3 spell: Mephitic Cloud
   413 | D:2      | Learned a level 3 spell: Conjure Flame
   461 | D:4      | Noticed an ogre
   470 | D:4      | Killed an ogre
   470 | D:4      | Reached skill level 1 in Air Magic
   470 | D:4      | Reached skill level 1 in Poison Magic
   470 | D:4      | Reached XP level 4. HP: 29/30 MP: 3/8
   630 | D:4      | Reached XP level 5. HP: 18/35 MP: 2/9
   657 | D:4      | Learned a level 2 spell: Blink
   668 | D:4      | Noticed Robin
   791 | D:4      | HP: 1/35 [goblin[Robin] (3)]
   805 | D:4      | HP: 1/35 [Robin/spear (2)]
   808 | D:4      | Killed Robin
   878 | D:4      | Found a sand-covered staircase.
   884 | Ossuary  | Entered an ossuary
   887 | Ossuary  | Killed by triggering an arrow trap

Skill      XL: |  1  2  3  4 |
---------------+-------------+-----
Conjurations   | 1 2 3 |  3.1
Air Magic      | 1 |  1.6
Poison Magic   | 1 2 |  2.2
Dodging        | |  2.6
Stealth        | |  2.1
Spellcasting   | |  3.0
Summonings     | |  1.0
Translocations | |  0.9
Fire Magic     | |  0.1

Action                   |  1- 3 |  4- 6 || total
-------------------------+-------+-------++-------
Melee: Unarmed           |     3 |       ||     3
       Dagger            |    19 |    56 ||    75
Throw: Tomahawk          |     4 |     8 ||    12
 Cast: Magic Dart        |    29 |    11 ||    40
       Mephitic Cloud    |     1 |     3 ||     4
 Stab: Sleeping          |     1 |       ||     1
  Eat: Chunk             |       |     1 ||     1
Armor: Robe              |     7 |     5 ||    12
Dodge: Dodged            |    20 |    29 ||    49
